 Dungeon Crawl Stone Soup version 0.28-a0-697-g47f3eba078 (webtiles) character file.

Game seed: 15128273256047291733

15065 jasper the Party-goer (level 11, -9/86 HPs)
             Began as a Demonspawn Artificer on Oct 23, 2021.
             Was a High Priest of Uskayaw.
             Killed from afar by a frost giant (24 damage)
             ... with a bolt of cold
             ... in an ice cave.
             The game lasted 00:24:13 (15059 turns).

jasper the Party-goer (Demonspawn Artificer)       Turns: 15059, Time: 00:24:14

Health: -9/86      AC: 15    Str: 16    XL:     11   Next: 97%
Magic:  18/18      EV: 12    Int:  9    God:    Uskayaw [*****.]
Gold:   557        SH:  0    Dex: 15    Spells: 10/10 levels left

rFire   + . .      SeeInvis .     - Unarmed
rCold   + . .      Faith    .   (no shield)
rNeg    . . .      Spirit   .   L - +0 plate armour
rPois   +          Reflect  .   j - +1 helmet
rElec   .          Harm     .   (cloak unavailable)
rCorr   .          Rampage  .   (no gloves)
Will    .....                   (no boots)
Stlth   ..........              D - amulet of regeneration
HPRegen 1.24/turn               G - ring "Baoll" {rPois rF+ Str+3 Int-3}
MPRegen 0.16/turn               u - ring of protection from cold

@: studying Dodging
A: powered by death 2, spiny 1, sturdy frame 3, weakness stinger 3, clumsy 1
a: Renounce Religion, Stomp, Line Pass, Grand Finale


You were in an ice cave.
You worshipped Uskayaw.
Uskayaw was aware of your devotion.
You visited 2 branches of the dungeon, and saw 12 of its levels.
You also visited: Ossuary and Ice Cave.

You collected 557 gold pieces.

Inventory:

Hand Weapons
 a - a +1 club of chaos
Missiles
 o - 296 stones (quivered)
Armour
 b - a +0 leather armour
 c - a +0 scale mail
 j - a +1 helmet (worn)
 n - a +0 helmet
 L - a +0 plate armour (worn)
 N - a +0 kite shield
Jewellery
 h - a ring of willpower
 k - a +6 ring of dexterity
 l - a ring of fire
 u - a ring of protection from cold (right hand)
 D - an amulet of regeneration (around neck)
 G - the ring "Baoll" (left hand) {rPois rF+ Str+3 Int-3}
   (You found it on level 9 of the Dungeon)

   [ring of protection from fire]

   Str:       It affects your strength (+3).
   Int:       It affects your intelligence (-3).
   rF:        It protects you from fire.
   rPois:     It protects you from poison.
 M - a ring of wizardry
Wands
 d - a wand of charming (13)
 g - a wand of iceblast (3)
 w - a wand of polymorph (10)
 y - a wand of digging (8)
 E - a wand of acid (9)
 F - a wand of flame (19)
Scrolls
 f - 2 scrolls of brand weapon
 q - 5 scrolls of teleportation
 t - 3 scrolls of immolation
 x - a scroll of enchant armour
 A - a scroll of vulnerability
 B - a scroll of blinking
 I - 2 scrolls of identify
 J - a scroll of fog
 K - a scroll of magic mapping
Potions
 i - 2 potions of brilliance
 m - 5 potions of attraction
 p - 5 potions of flight
 r - a potion of haste
 s - 2 potions of cancellation
 v - 2 potions of magic
 z - a potion of curing
 C - a potion of might {unknown}
 H - a potion of lignification {unknown}
 O - a potion of invisibility {unknown}
 P - a potion of mutation
Miscellaneous
 e - a piece from Xom's chessboard (15/15)


   Skills:
 + Level 8.2 Fighting
 + Level 7.7 Armour
 + Level 9.7 Dodging
 - Level 0.8 Stealth
 - Level 10.1 Unarmed Combat
 + Level 10.5 Invocations
 - Level 3.0 Evocations


You had 10 spell levels left.
You didn't know any spells.
Your spell library contained the following spells:

 Spells                   Type           Power      Damage    Failure   Level
 Foxfire                  Conj/Fire      0%         2x1d4     90%         1
 Ensorcelled Hibernation  Hex/Ice        0%         N/A       97%         2
 Conjure Flame            Conj/Fire      0%         6-21      99%         3
 Inner Flame              Hex/Fire       0%         N/A       99%         3
 Tukima's Dance           Hex            0%         N/A       99%         3
 Flame Wave               Conj/Fire      0%         3d3       100%        4


Dungeon Overview and Level Annotations

Branches:
Dungeon (11/15)            Temple (1/1) D:6            Lair (0/6) D:9
Ossuary (visited)           IceCv (1/1)
    Orc: D:9-12

Altars:
Ashenzari
Dithmenos
Fedhas
Kikubaaqudgha
Nemelex Xobeh
Okawaru
Sif Muna
Trog
Uskayaw
Vehumet
Wu Jian
Yredelemnul

Annotations:
D:2 1 runed translucent door, Crazy Yiuf
D:7 2 transporters, Grum
D:10 exclusion: gargoyle


Innate Abilities, Weirdness & Mutations

You regenerate health from kills.
You are partially covered in sharp spines.
Your movements are significantly less encumbered by armour. (ER -6)
You have a sharp stinger which inflicts weakening toxins.
You are clumsy. (Dex -2)


Message History

You hit the frost giant.
The frost giant is moderately wounded.
The yak is no longer sharing its pain.
The frost giant points at you and mumbles some strange words.
The bolt of cold hits you! You resist.
You take 11 damage, and have 70/86 hp.
Okay, then.
You barely miss the frost giant. You punch the frost giant.
The frost giant is moderately wounded.
The frost giant hits you with a +1 battleaxe of freezing!!
The frost giant freezes you!
You take 37 damage, and have 33/86 hp.
MASSIVE DAMAGE!!
You punch the frost giant! You punch the frost giant.
The frost giant is heavily wounded.
The frost giant gestures at you while chanting.
The bolt of cold hits you!! You resist.
* * * LOW HITPOINT WARNING * * *
You take 23 damage, and have 10/86 hp.
MASSIVE DAMAGE!!
Okay, then.
Blink to where?
Press: ? - help, Dir - move target, p - yak
As you read the scroll of blinking, it crumbles to dust.
Aiming: Throw Flame
Press: ? - help, Shift-Dir - straight line, f - frost giant
Aim: a frost giant, wielding a +1 battleaxe of freezing (translocational energy, heavily wounded, 98% to hit)
The puff of flame misses the frost giant.
Aiming: Throw Flame
Press: ? - help, Shift-Dir - straight line, f/p - frost giant
Aim: a frost giant, wielding a +1 battleaxe of freezing (heavily wounded, 98% to hit)
The puff of flame hits the frost giant.
The frost giant is heavily wounded.
You regained 2 hp, and now have 14/86 hp.
Aiming: Throw Flame
Press: ? - help, Shift-Dir - straight line, f/p - frost giant
Aim: a frost giant, wielding a +1 battleaxe of freezing (heavily wounded, 98% to hit)
The puff of flame hits the frost giant.
The frost giant is heavily wounded.
The frost giant casts a spell at you. The bolt of cold hits you!! You resist.
You die...

...##......##
#†##
..#.....##..#
##Y#
........###.##
#Y.# .......##
#..# ##C##
.......# ##†#
#..# #.....##
#..## ##..#
##....# ##..#
#..## ##..##
#..###..# ####
#..##@.##
##..#†.#
##..†## ##..#
####


You could see a frost giant and 2 yaks.

Vanquished Creatures
  5 death yaks (IceCv)
  An ice statue (IceCv)
  A komodo dragon (D:9)
  6 rime drakes (IceCv)
  A troll (D:9)
  3 polar bears (IceCv)
  20 yaks
  Sigmund (D:5)
  2 steam dragons
  A basilisk (D:9)
  4 wyverns (D:9)
  3 water moccasins
  2 sky beasts
  3 orc warriors
  2 ice beasts (D:7)
  2 black bears (D:6)
  A boggart (D:6)
  6 wolves (IceCv)
  A lemure (D:5)
  A phantom (D:5)
  An elf zombie (Ossuary)
  2 bullfrogs (D:7)
  Blork the orc (D:5)
  A scorpion (D:4)
  A water moccasin skeleton (D:5)
  6 wights
  3 killer bees (D:8)
  6 centaur zombies
  A human zombie (Ossuary)
  3 jellies
  2 gnoll shamans
  7 orc priests
  A hound (D:5)
  A centaur skeleton (D:7)
  Ijyb (D:5)
  2 iguanas
  12 orc wizards
  Natasha (twice) (D:3)
  A hound skeleton (D:4)
  2 mummies (Ossuary)
  Robin (D:3)
  A howler monkey zombie (D:9)
  20 gnolls
  6 adders
  A shadow imp (D:8)
  12 white imps (D:11)
  3 ufetubi
  An adder skeleton (D:4)
  2 adder zombies (Ossuary)
  2 worms (D:2)
  20 orcs
  2 ball pythons (D:3)
  5 endoplasms
  8 giant cockroaches
  12 goblins
  11 hobgoblins
  9 jackals
  7 kobolds
  5 quokkas
  7 bats
  6 frilled lizards
  3 goblin zombies (Ossuary)
  9 hobgoblin zombies (Ossuary)
  10 kobold zombies (Ossuary)
  9 orc zombies (Ossuary)
  6 rats
  A rat zombie (Ossuary)
301 creatures vanquished.

Vanquished Creatures (collateral kills)
  A water moccasin (D:5)
  A hound skeleton (D:3)
  A gnoll (D:2)
  An adder (D:3)
  An orc (D:3)
  2 ball pythons
7 creatures vanquished.

Vanquished Creatures (others)
  Pikel (D:5)
  A hound (D:5)
  2 orcs
  2 gnolls (D:2)
  A bush (D:9)
  A fungus (D:9)
  16 plants
24 creatures vanquished.

Grand Total: 332 creatures vanquished

Notes
Turn   | Place    | Note
-------+----------+-------------------------------------------
     0 | D:1      | jasper the Demonspawn Artificer began the quest for the
                  | Orb.
     0 | D:1      | Reached XP level 1. HP: 15/15 MP: 1/1
    78 | D:1      | Reached skill level 1 in Unarmed Combat
   172 | D:1      | Gained mutation: Your movements are slightly less
                  | encumbered by armour. (ER -2) [demonic ancestry]
   172 | D:1      | Reached XP level 2. HP: 21/21 MP: 2/2
  1144 | D:2      | Gained mutation: Your movements are less encumbered by
                  | armour. (ER -4) [demonic ancestry]
  1144 | D:2      | Reached XP level 3. HP: 20/26 MP: 3/3
  1725 | D:2      | Found a runed translucent door.
  1726 | D:2      | Noticed Crazy Yiuf
  2940 | D:2      | Gained mutation: You are partially covered in sharp spines.
                  | [demonic ancestry]
  2940 | D:2      | Reached XP level 4. HP: 26/32 MP: 4/4
  3081 | D:2      | Found a faded altar of an unknown god.
  3786 | D:3      | Gained mutation: You are clumsy. (Dex -2) [potion of
                  | mutation]
  3792 | D:3      | Gained mutation: You have a small tail. [demonic ancestry]
  3792 | D:3      | Reached XP level 5. HP: 18/37 MP: 5/5
  4056 | D:3      | Noticed Natasha
  4061 | D:3      | Killed Natasha
  4062 | D:3      | Reached skill level 5 in Unarmed Combat
  4441 | D:3      | Noticed Natasha
  4453 | D:3      | Killed Natasha
  4823 | D:3      | Noticed Robin
  4834 | D:3      | Killed Robin
  4835 | D:3      | Gained mutation: You regenerate a little health from kills.
                  | [demonic ancestry]
  4835 | D:3      | Reached XP level 6. HP: 43/43 MP: 6/6
  5570 | D:4      | Found a blossoming altar of Fedhas.
  5895 | D:4      | Gained mutation: You have a tail ending in a sharp stinger.
                  | [demonic ancestry]
  5895 | D:4      | Reached XP level 7. HP: 17/48 MP: 7/7
  6611 | D:5      | Entered Level 5 of the Dungeon
  6644 | D:5      | Found a sand-covered staircase.
  6663 | Ossuary  | Entered an ossuary
  7212 | D:5      | Noticed Sigmund
  7228 | D:5      | Killed Sigmund
  7363 | D:5      | Noticed Pikel
  7386 | D:5      | Gained mutation: You regenerate health from kills. [demonic
                  | ancestry]
  7386 | D:5      | Reached XP level 8. HP: 29/54 MP: 8/8
  7393 | D:5      | Your ally Pikel died
  7556 | D:5      | Found a hide-covered altar of Uskayaw.
  7567 | D:5      | Noticed Ijyb
  7586 | D:5      | Killed Ijyb
  7597 | D:5      | Became a worshipper of Uskayaw the Reveller
  7729 | D:5      | Reached * piety under Uskayaw
  7992 | D:5      | Noticed Blork the orc
  7997 | D:5      | Reached ** piety under Uskayaw
  8000 | D:5      | Reached *** piety under Uskayaw
  8004 | D:5      | Reached **** piety under Uskayaw
  8005 | D:5      | Killed Blork the orc
  8364 | D:6      | Found a shadowy altar of Dithmenos.
  8452 | D:6      | Reached skill level 10 in Unarmed Combat
  8456 | D:6      | Found a sparkling altar of Nemelex Xobeh.
  8494 | D:6      | Reached skill level 1 in Dodging
  8494 | D:6      | Reached skill level 1 in Invocations
  8678 | D:6      | Found a broken altar of Ashenzari.
  8681 | D:6      | Found an iron altar of Okawaru.
  8909 | D:6      | Found a staircase to the Ecumenical Temple.
  9216 | Temple   | Entered the Ecumenical Temple
  9237 | D:7      | Found a transporter.
  9261 | D:7      | Identified the +0 ring mail of Vehumet's Delight {Slay+2
                  | SInv}
  9261 | D:7      | Identified the -3 buckler of Poor Excuses {Stlth+}
  9285 | D:7      | Found a bloodstained altar of Trog.
  9328 | D:7      | Reached XP level 9. HP: 36/61 MP: 10/10
  9864 | D:7      | Noticed Grum
  9889 | D:7      | Identified the ring "Kidgh" {Will++ rCorr Stlth+}
  9950 | D:7      | Found a transporter.
 11311 | D:8      | Found a basalt altar of Yredelemnul.
 11464 | D:8      | Reached skill level 5 in Invocations
 11678 | D:8      | Reached ***** piety under Uskayaw
 12088 | D:9      | Identified the ring "Baoll" {rPois rF+ Str+3 Int-3}
 12211 | D:9      | Found a staircase to the Lair.
 12219 | D:9      | Gained mutation: Your movements are significantly less
                  | encumbered by armour. (ER -6) [demonic ancestry]
 12219 | D:9      | Reached XP level 10. HP: 65/73 MP: 14/14
 12246 | D:9      | Reached ****** piety under Uskayaw
 12257 | D:9      | Reached skill level 5 in Fighting
 12257 | D:9      | Reached skill level 5 in Dodging
 12270 | D:9      | Reached skill level 5 in Armour
 13286 | D:10     | Entered Level 10 of the Dungeon
 13305 | D:10     | Noticed a gargoyle
 13472 | D:10     | Gained mutation: You have a sharp stinger which inflicts
                  | weakening toxins. [demonic ancestry]
 13472 | D:10     | Reached XP level 11. HP: 79/83 MP: 6/17
 13725 | D:10     | Found an ornate altar of the Wu Jian Council.
 14173 | D:10     | Found an ancient bone altar of Kikubaaqudgha.
 14175 | D:10     | Found a radiant altar of Vehumet.
 14188 | D:10     | Found a shimmering blue altar of Sif Muna.
 14400 | D:11     | Found a frozen archway.
 14420 | IceCv    | Entered an ice cave
 14507 | IceCv    | Noticed a death yak
 14518 | IceCv    | Killed a death yak
 14746 | IceCv    | HP: 2/84 [ice statue/freezing blast (6)]
 14886 | IceCv    | Noticed a death yak
 14890 | IceCv    | Noticed a death yak
 14896 | IceCv    | Noticed a death yak
 14905 | IceCv    | Killed a death yak
 14906 | IceCv    | Reached skill level 10 in Invocations
 14927 | IceCv    | Killed a death yak
 14960 | IceCv    | Killed a death yak
 15009 | IceCv    | Noticed a frost giant
 15009 | IceCv    | Noticed a death yak
 15046 | IceCv    | Killed a death yak
 15059 | IceCv    | Killed from afar by a frost giant

Illustrated notes

Levels and vault maps discovered:
D:1:      mushboom_english_gardens, layout_basic, minmay_misc_feat_roman,
          minmay_tromino_v4_b
D:2:      layout_basic, hellmonk_ecumenical_altar_zigzags, minmay_surrounded,
          uniq_crazy_yiuf_cottage
D:3:      minmay_general_purpose_star, layout_basic, serial_aquarium,
          aquarium_bridge_square [aquarium_subvault_wall,
          aquarium_subvault_window, aquarium_subvault_wall,
          aquarium_subvault_bridge], aquarium_window_corridor_3,
          aquarium_window_1, aquarium_view_2f, aquarium_balcony_double_1,
          minmay_fountain_box, uniq_natasha, uniq_robin
D:4:      minmay_recursive_quarters, layout_loops_corners,
          fedhas_ov_isle_minmay, minmay_cupped
D:5:      layout_basic, mainiacjoe_overflow_24_doors, enter_ossuary_5,
          uniq_sigmund, uniq_ijyb, uniq_pikel, uniq_blork_the_orc
D:6:      layout_basic, lemuel_round_altar, nicolae_overflow_hidden_temple,
          minmay_temple_entry_grid, kennysheep_generic_room_11
D:7:      layout_basic, kennysheep_mini, gammafunk_ghost_gnarly_gnolls
D:8:      layout_loops_corners, mainiacjoe_overflow_boulevard,
          minmay_manual_mess
D:9:      layout_layer_cave, minmay_lair_entry_grove, patterned_corridor
D:10:     layout_long_grid, palyth_temple_overflow_mages,
          nicolae_wu_jian_immortal_techniques
D:11:     layout_stronghold, portal_ice_cave_entry_imps, minmay_between,
          uniq_grum
Temple:   jpeg_temple_island
IceCv:    ice_cave_small_giant

Skill      XL: |  1  2  3  4  5  6  7  8  9 10 11 |
---------------+----------------------------------+-----
Unarmed Combat | 1 2 3 4 5 6 8 10 | 10.1
Armour         | 2 4 6 7 |  7.7
Dodging        | 1 4 7 9 |  9.7
Invocations    | 2 5 8 10 | 10.5
Fighting       | 2 4 6 8 |  8.2
Stealth        | |  0.8
Evocations     | |  3.0

Action                   |  1- 3 |  4- 6 |  7- 9 | 10-12 || total
-------------------------+-------+-------+-------+-------++-------
Melee: Club              |    69 |       |       |       ||    69
       Unarmed           |    80 |   138 |   325 |   334 ||   877
       Punch             |     3 |     1 |    22 |    21 ||    47
       Tailslap          |       |    15 |    68 |    74 ||   157
Throw: Boomerang         |    23 |       |       |       ||    23
       Stone             |    85 |    42 |    52 |    18 ||   197
Invok: Stomp             |       |       |       |     6 ||     6
       Grand Finale      |       |       |       |     2 ||     2
       Line Pass         |       |       |       |     1 ||     1
Evoke: Wand              |    17 |     2 |    10 |    13 ||    42
  Use: Scroll            |     1 |     6 |     9 |     1 ||    17
       Potion            |       |     3 |     2 |    10 ||    15
 Stab: Sleeping          |       |     2 |       |       ||     2
       Paralysed         |       |       |     9 |    24 ||    33
Armor: Leather armour    |    47 |       |       |       ||    47
       Scale mail        |    17 |    52 |   102 |    19 ||   190
       Plate armour      |       |       |       |   125 ||   125
Dodge: Dodged            |   129 |    61 |   129 |   178 ||   497

Table legend: (Time is in decaauts)
 A = Elapsed time spent in this place.
 B = Non-inter-level travel time spent in this place.
 C = Inter-level travel time spent in this place.
 D = Time resting spent in this place.
 E = Time spent auto-exploring this place.
 F = Levels seen in this place.
 G = Mean time per level.
                   A        B        C        D        E       F      G
               +--------+--------+--------+--------+--------+-----+--------+
         Total |  14957 |  14377 |    580 |   2471 |   9185 |  14 | 1068.4 |
       Dungeon |  13907 |  13327 |    580 |   2332 |   8802 |  11 | 1264.3 |
        Temple |      1 |      1 |      0 |      0 |      0 |   1 |    1.0 |
       Ossuary |    457 |    457 |      0 |    134 |     57 |   1 |  457.0 |
      Ice Cave |    590 |    590 |      0 |      5 |    326 |   1 |  590.0 |
               +--------+--------+--------+--------+--------+-----+--------+

Top non-repeatable levels by time:
     D:2: 2169 daAuts
     D:8: 1691 daAuts
     D:4: 1574 daAuts
     D:3: 1502 daAuts
     D:1: 1380 daAuts
     D:9: 1190 daAuts
     D:5: 1137 daAuts
     D:7: 1135 daAuts
    D:10: 1052 daAuts
     D:6: 1011 daAuts
   IceCv: 590 daAuts
 Ossuary: 457 daAuts
    D:11: 61 daAuts
  Temple: 1 daAuts
